Map: Cerulean Fall LE

Players

FLOSQUITO - Winner!

  • Race: Protoss Protoss
  • League: Diamond
  • Spawn Location: 1:00

qaz

  • Race: Terran Terran
  • League: Diamond
  • Spawn Location: 7:00

VOD

Have the link to the VOD?

Description

Time

  • Played on: Dec. 14, 2018, 5:40 p.m.
  • Length: 21:06
Show
View Real Time Build Order
Export as new Build Order

FLOSQUITO Protoss - Winner!

Build Orders:  

Get SALT Encoding   

  12  0:01  Probe  
  13  0:13  Probe  
  14  0:26  Pylon  
  14  0:30  Probe  
  15  0:44  Probe  
  16  0:51  Forge  
  16  0:52  Probe  
  17  1:00  Probe  
  17  1:05  Pylon  
  17  1:11  Probe  
  19  1:23  Probe  
  20  1:31  Photon Cannon  
  20  1:44  Pylon  
  20  2:02  Photon Cannon  
  20  2:03  Photon Cannon  
  20  2:05  Photon Cannon  
  20  2:06  Photon Cannon  
  20  2:08  Photon Cannon  
  20  2:13  Photon Cannon  
  20  2:26  Pylon  
  20  2:32  Assimilator  
  20  2:35  Pylon  
  20  3:00  Assimilator  
  20  3:07  Gateway  
  20  3:23  Photon Cannon  
  20  3:25  Photon Cannon  
  20  3:35  Probe  
  20  3:38  Photon Cannon  
  21  3:43  Probe  
  22  3:53  Probe  
  22  3:54  Zealot  
  25  3:57  Cybernetics Core  
  25  4:00  Gateway  
  25  4:03  Pylon  
  25  4:04  Photon Cannon  
  25  4:05  Probe  
  26  4:17  Probe  
  27  4:29  Probe  
  28  4:36  Stalker  
  28  4:37  Stargate  
  28  4:42  Probe  
  31  4:59  Shield Battery  
  31  5:06  Nexus  
  31  5:11  Void Ray  
  36  5:40  Pylon  
  35  5:46  Fleet Beacon  
  35  6:04  Probe  
  36  6:12  Probe  
  37  6:18  Probe  
  37  6:22  Probe  
  39  6:30  Assimilator, Probe, Tempest  
  40  6:34  Assimilator  
  40  6:39  Robotics Facility  
  43  7:00  Probe  
  44  7:12  Probe  
  45  7:17  Tempest  
  45  7:24  Nexus, Probe  
  51  7:33  Probe  
  51  7:34  Robotics Bay  
  52  7:41  Probe  
  52  7:49  Stalker  
  52  7:51  Probe  
  54  7:55  Pylon  
  56  8:03  Probe  
  57  8:05  Probe  
  58  8:15  Probe, Tempest  
  58  8:18  Probe  
  65  8:23  Colossus  
  65  8:30  Extended Thermal Lance  
  71  8:36  Probe  
  71  8:38  Probe, Twilight Council  
  73  8:48  Probe  
  73  8:50  Probe x2  
  76  9:00  Probe  
  77  9:02  Probe  
  77  9:07  Stalker  
  77  9:08  Stalker  
  82  9:13  Probe  
  82  9:14  Gateway  
  83  9:17  Templar Archives, Colossus  
  89  9:25  Probe  
  89  9:29  Assimilator  
  90  9:31  Assimilator  
  90  9:34  Tempest  
  95  9:49  Warp Gate  
  95  9:55  Psionic Storm  
  95  10:05  Gateway, Nexus  
  95  10:23  Pylon  
  95  10:25  Pylon  
  95  10:27  Pylon  
  95  10:30  Pylon  
  95  10:41  Probe  
  95  10:42  High Templar x3  
  102  10:46  Gateway x2  
  102  10:48  Colossus  
  102  10:54  Tempest  
  113  11:15  Probe  
  114  11:19  High Templar  
  116  11:27  Probe  
  95  12:28  High Templar x3  
  95  12:29  Stalker x3  
  107  12:46  Nexus  
  107  12:49  Pylon  
  107  12:50  Pylon  
  107  12:58  Nexus  
  107  13:00  Pylon  
  107  13:02  Pylon  
  107  13:10  Stalker  
  107  13:11  Stalker x5  
  119  13:15  Mothership  
  127  13:21  Nexus  
  127  13:24  Pylon  
  125  14:15  Stalker x5  
  125  14:16  Stalker  
  137  14:37  Assimilator  
  135  14:41  Assimilator  
  135  14:44  Photon Cannon  
  134  14:45  Photon Cannon  
  134  14:47  Photon Cannon  
  134  14:49  Photon Cannon  
  134  14:50  Photon Cannon  
  132  14:53  Pylon  
  132  14:54  Pylon  
  101  15:36  Tempest  
  76  15:43  Stalker x5  
  76  15:44  Stalker  
  99  15:51  Robotics Facility  
  99  15:54  Probe  
  100  15:58  Probe  
  101  16:06  Probe  
  102  16:18  High Templar x2  
  102  16:19  High Templar x2  
  104  16:38  Robotics Facility, Probe  
  102  16:40  Stargate  
  102  16:42  Stargate  
  102  16:46  Stargate  
  95  16:53  Stalker  
  95  16:54  Stalker x2  
  91  17:32  Robotics Bay  
  91  17:36  Templar Archives  
  95  17:37  Pylon  
  95  17:38  Void Ray  
  95  17:45  Void Ray x2  
  99  18:18  Immortal  
  103  18:21  Void Ray  
  107  18:36  Void Ray  
  105  18:57  Immortal  
Show
View Real Time Build Order
Export as new Build Order

qaz Terran 

Build Orders:  

Get SALT Encoding   

  12  0:01  SCV  
  13  0:13  SCV  
  14  0:18  Supply Depot  
  14  0:25  SCV  
  15  0:39  SCV  
  15  0:40  Barracks  
  16  0:45  Refinery  
  16  0:51  SCV  
  17  1:03  SCV  
  18  1:15  SCV  
  19  1:29  Orbital Command  
  19  1:30  Reaper  
  20  1:47  Bunker  
  20  1:55  SCV  
  21  2:05  Marine  
  22  2:09  SCV  
  23  2:17  Engineering Bay  
  23  2:21  Command Center  
  22  2:24  SCV  
  22  2:26  Engineering Bay  
  23  2:35  Supply Depot  
  23  2:40  Marine  
  23  2:43  SCV  
  19  2:55  SCV  
  15  3:27  Orbital Command  
  15  3:33  Planetary Fortress  
  15  3:44  Marine  
  16  4:10  SCV  
  16  4:11  SCV  
  16  4:12  Marine  
  19  4:21  Refinery  
  19  4:22  SCV  
  19  4:23  SCV  
  21  4:31  Supply Depot  
  21  4:34  SCV  
  21  4:35  SCV  
  21  4:36  Barracks Tech Lab  
  23  4:39  Barracks  
  23  4:47  SCV  
  23  4:48  SCV  
  25  4:53  Supply Depot  
  25  4:57  Marine  
  25  4:59  SCV, Stimpack  
  27  5:04  SCV  
  28  5:11  SCV  
  27  5:17  Marine  
  28  5:28  Barracks Reactor  
  28  5:29  Barracks  
  28  5:32  SCV x2  
  30  5:43  Refinery  
  30  5:44  SCV  
  30  5:47  SCV  
  32  5:53  Terran Infantry Weapons Level 1  
  32  5:56  Marine  
  33  6:05  Marine x2  
  35  6:16  Marauder  
  35  6:17  Barracks Reactor  
  37  6:23  Marine x2  
  37  6:24  SCV  
  40  6:27  Supply Depot  
  40  6:37  Marauder  
  42  6:41  Command Center  
  42  6:46  Marine x2  
  44  6:48  SCV  
  44  6:51  Supply Depot  
  45  6:55  Marine x2  
  47  7:03  Factory  
  47  7:12  Marine x3  
  50  7:26  Combat Shield, Marine x2  
  52  7:31  Marine x3, Supply Depot  
  55  7:48  Factory Reactor, Starport  
  55  7:52  SCV  
  55  7:53  Supply Depot  
  56  8:04  Marine x2, Marauder  
  56  8:05  Marine x2, SCV  
  63  8:14  Missile Turret  
  63  8:17  SCV  
  64  8:20  Orbital Command  
  64  8:29  SCV  
  65  8:35  Supply Depot  
  65  8:37  Factory Tech Lab  
  65  8:39  Medivac  
  65  8:40  Medivac  
  65  8:41  SCV  
  70  8:44  Marine  
  70  8:45  Marine  
  70  8:47  SCV  
  73  8:53  SCV  
  74  8:59  SCV  
  75  9:05  SCV  
  75  9:09  Viking  
  78  9:10  Viking, Terran Infantry Armor Level 1  
  78  9:11  SCV  
  78  9:13  Supply Depot  
  81  9:17  SCV  
  81  9:21  Refinery  
  81  9:22  Refinery  
  81  9:23  SCV  
  83  9:24  Siege Tank  
  83  9:29  SCV  
  87  9:35  SCV, Supply Depot  
  88  9:45  Viking  
  70  9:53  Viking  
  70  10:03  Marine x2  
  70  10:04  Marine x2, Marauder  
  70  10:05  Siege Tank  
  79  10:12  Supply Depot  
  79  10:19  Viking  
  81  10:27  Viking  
  83  10:28  Marine  
  83  10:29  Marine x3, Marauder  
  83  10:31  SCV x2  
  91  10:38  Command Center, Armory  
  91  10:39  Supply Depot  
  91  10:49  Viking, Marine x3  
  95  10:51  Marine  
  95  10:54  Marauder  
  99  11:01  Medivac  
  101  11:07  Marine x2  
  101  11:08  Marine  
  104  11:16  Marauder  
  104  11:17  SCV x2  
  108  11:19  Medivac  
  110  11:25  Marine  
  110  11:26  Marine x2  
  110  11:27  Marine  
  110  11:31  Medivac  
  116  11:37  Marauder  
  118  11:43  Marine  
  119  11:49  Medivac  
  119  11:52  Marine x3  
  124  11:59  Marauder  
  124  12:01  Marine, Medivac  
  103  12:09  Marine  
  103  12:10  Marine x2  
  96  12:19  Medivac  
  96  12:20  Marauder  
  96  12:27  Marine x2  
  96  12:28  Marine x2  
  97  12:31  Viking, Siege Tank  
  97  12:34  Supply Depot  
  102  12:38  SCV x2  
  102  12:40  Barracks  
  102  12:41  Marauder  
  102  12:42  Sensor Tower, Barracks x2  
  106  12:45  Marine x2  
  106  12:46  Marine  
  106  12:47  Marine  
  106  12:49  Viking  
  106  12:50  SCV  
  113  12:57  Ghost Academy  
  113  12:58  Terran Infantry Weapons Level 2  
  113  13:00  SCV  
  113  13:03  Marauder  
  113  13:04  Orbital Command  
  116  13:06  SCV  
  116  13:10  Viking  
  119  13:17  SCV, Refinery  
  120  13:22  Marine x4  
  126  13:28  Barracks Tech Lab  
  126  13:29  Barracks Tech Lab  
  126  13:30  Barracks Tech Lab  
  126  13:31  Personal Cloaking  
  126  13:32  Ghost  
  112  13:57  Marauder x2  
  112  13:58  Marine, Marauder  
  112  13:59  Marine x3  
  112  14:01  Marauder  
  117  14:16  Marine x2  
  117  14:17  Marine  
  119  14:18  Marine, Marauder x2  
  119  14:20  Marauder  
  119  14:23  Marauder  
  126  14:27  SCV x2  
  126  14:29  Orbital Command  
  128  14:34  Marine  
  129  14:39  SCV x2  
  129  14:40  Marauder x2  
  129  14:41  Marauder  
  129  14:44  Marauder  
  129  14:53  Medivac  
  135  15:07  Marine x4, Marauder x4  
  135  15:08  SCV x2  
  135  15:09  SCV  
  132  15:20  SCV  
  117  15:25  Marine x2  
  117  15:26  Viking  
  117  15:28  Marine, Marauder  
  84  15:40  SCV x2  
  79  15:44  Marine x2  
  81  15:52  SCV x2  
  81  15:56  Supply Depot  
  83  16:00  Marine x4  
  83  16:01  Marine x2  
  83  16:02  Marine x2  
  90  16:18  Marine  
  91  16:19  Starport Reactor  
  89  16:31  Marine  
  89  16:32  Marine x3  
  92  16:33  Marine x3  
  92  16:36  Marine  
  88  16:49  Marine x2  
  88  16:50  Marine x2  
  88  16:51  Marine x3  
  88  16:53  Marine  
  88  17:07  Marine x3  
  88  17:08  Marine x2  
  87  17:09  Marine x2  
  87  17:11  Marine  
  77  17:25  Viking x2, Marine  
  77  17:27  Marine  
  53  18:31  Orbital Command  
Tags
 
Add a new tag
Caveats
  • Supply blocks, unpowered buildings, or Contaminate may cause inaccurate times.
  • Supply counts are checked every 10 seconds.